TOP OF THE 1ST |
Lowell Spinners batting - Pitching for Chicago (NYP) White Sox : LHP Jake Richards
|
Pitching: LHP Jake Richards
|
|
Batting: LHB Eric Gaugler
|
0-0: Called Strike 0-1: Ball 1-1: Swinging Strike 1-2: Ball 2-2: Strikes out looking
|
Batting: RHB Willie Camacho
|
0-0: Ball 1-0: Called Strike 1-1: Swinging Strike 1-2: Foul Ball, location: 2F 1-2: Ball 2-2: Ball 3-2: Foul Ball, location: 2F 3-2: Foul Ball, location: 2F 3-2: Foul Ball, location: 2F 3-2: Foul Ball, location: 2F 3-2: Base on Balls
|
Batting: LHB Kien-lung Zou
|
0-0: Ball Willie Camacho steals 2nd base 1-0: Called Strike Balk! Willie Camacho to third 1-1: Ball 2-1: Called Strike 2-2: Ball 3-2: Ground out 5-3 (Groundball, 56S, EV 85.6 MPH) Willie Camacho scores
|
Batting: RHB Dominique Paolozzi
|
0-0: Called Strike 0-1: Called Strike 0-2: Ball 1-2: Ball 2-2: Ball 3-2: Ground out 6-3 (Groundball, 6, EV 88.8 MPH)
|
Top of the 1st over - 1 run, 0 hits, 0 errors, 0 left on base; Lowell 1 - Chicago (NYP) 0 |
BOTTOM OF THE 1ST |
Chicago (NYP) White Sox batting - Pitching for Lowell Spinners : LHP Rob Hymowitz
|
Pitching: LHP Rob Hymowitz
|
|
Batting: RHB Rafael Medina
|
0-0: Ball 1-0: Ground out 4-3 (Groundball, 34, EV 104.4 MPH)
|
Batting: RHB Shintaro Katsumata
|
0-0: Foul Ball, location: 2F 0-1: Swinging Strike 0-2: Ball 1-2: Ball 2-2: Foul Ball, location: 2F 2-2: Foul Ball, location: 2F 2-2: Foul Ball, location: 2F 2-2: Foul Ball, location: 2F 2-2: Ball 3-2: Base on Balls
|
Batting: RHB Jeremy Lewis
|
0-0: Ball 1-0: Called Strike 1-1: Ball 2-1: Ball 3-1: Called Strike 3-2: Strikes out looking
|
Batting: RHB Sean Peake
|
0-0: Ball 1-0: Swinging Strike 1-1: Called Strike 1-2: Ball 2-2: Ball 3-2: Strikes out swinging
|
Bottom of the 1st over - 0 runs, 0 hits, 0 errors, 1 left on base; Lowell 1 - Chicago (NYP) 0 |
TOP OF THE 2ND |
Lowell Spinners batting - Pitching for Chicago (NYP) White Sox : LHP Jake Richards
|
Batting: RHB Tony Gallegos
|
0-0: Ball 1-0: Ball 2-0: Ball 3-0: Base on Balls
|
Batting: RHB Bakhtiar Asadov
|
0-0: Ball 1-0: Ball 2-0: Ball 3-0: Called Strike 3-1: Foul Ball, location: 2F 3-2: Foul Ball, location: 2F 3-2: Fielders Choice at 2nd, 6-4 (Groundball, 6, EV 105.0 MPH)
|
Batting: RHB Mike Strey
|
0-0: Ball 1-0: Fly out, F8 (Line Drive, 8LD, EV 92.5 MPH)
|
Batting: RHB Rogelio Cervantes
|
0-0: Called Strike 0-1: Called Strike 0-2: Ground out 4-3 (Groundball, 4, EV 83.8 MPH)
|
Top of the 2nd over - 0 runs, 0 hits, 0 errors, 1 left on base; Lowell 1 - Chicago (NYP) 0 |
BOTTOM OF THE 2ND |
Chicago (NYP) White Sox batting - Pitching for Lowell Spinners : LHP Rob Hymowitz
|
Batting: LHB Anthony Mosley
|
0-0: SINGLE (Groundball, 25, EV 76.2 MPH) (infield hit)
|
Batting: RHB Tyrell Camp
|
0-0: Ball Pickoff Throw to First - Out! 1-3 CS 1-0: Foul Ball, location: 2F 1-1: Called Strike 1-2: Strikes out swinging, 2-3 out at first.
|
Batting: RHB David Laureano
|
0-0: Hit by Pitch
|
Batting: RHB Eduardo Calderon
|
0-0: Ball 1-0: Called Strike 1-1: Ball 2-1: Fly out, F7 (Flyball, 7, EV 81.2 MPH)
|
Bottom of the 2nd over - 0 runs, 1 hit, 0 errors, 1 left on base; Lowell 1 - Chicago (NYP) 0 |
TOP OF THE 3RD |
Lowell Spinners batting - Pitching for Chicago (NYP) White Sox : LHP Jake Richards
|
Batting: RHB Jose Molina
|
0-0: Ball 1-0: Ball 2-0: Foul Ball, location: 2F 2-1: Foul Ball, location: 2F 2-2: Foul Ball, location: 2F 2-2: Ground out U3 (Groundball, 3, EV 80.6 MPH)
|
Batting: LHB Eric Gaugler
|
0-0: Called Strike 0-1: Called Strike 0-2: Ball 1-2: Ball 2-2: Ball 3-2: Ground out 6-3 (Groundball, 6M, EV 104.4 MPH)
|
Batting: RHB Willie Camacho
|
0-0: Swinging Strike 0-1: Ball 1-1: Foul Ball, location: 2F 1-2: Ball 2-2: Ball 3-2: Foul Ball, location: 2F 3-2: Strikes out swinging
|
Top of the 3rd over - 0 runs, 0 hits, 0 errors, 0 left on base; Lowell 1 - Chicago (NYP) 0 |
BOTTOM OF THE 3RD |
Chicago (NYP) White Sox batting - Pitching for Lowell Spinners : LHP Rob Hymowitz
|
Batting: RHB Ighlas Mwara
|
0-0: Called Strike 0-1: Ball 1-1: Foul Ball, location: 2F 1-2: Fly out, F9 (Flyball, 9, EV 88.8 MPH)
|
Batting: RHB Rafael Medina
|
0-0: Ball 1-0: Swinging Strike 1-1: Fly out, F9 (Line Drive, 9LM, EV 86.2 MPH)
|
Batting: RHB Shintaro Katsumata
|
0-0: Ground out 6-3 (Groundball, 6, EV 100.0 MPH)
|
Bottom of the 3rd over - 0 runs, 0 hits, 0 errors, 0 left on base; Lowell 1 - Chicago (NYP) 0 |
TOP OF THE 4TH |
Lowell Spinners batting - Pitching for Chicago (NYP) White Sox : LHP Jake Richards
|
Batting: LHB Kien-lung Zou
|
0-0: Ground out 4-3 (Groundball, 4, EV 88.1 MPH)
|
Batting: RHB Dominique Paolozzi
|
0-0: Foul Ball, location: 2F 0-1: Ball 1-1: Ball 2-1: Swinging Strike 2-2: Foul Ball, location: 2F 2-2: Strikes out swinging
|
Batting: RHB Tony Gallegos
|
0-0: Ball 1-0: Ball 2-0: Ground out 4-3 (Groundball, 4, EV 91.9 MPH)
|
Top of the 4th over - 0 runs, 0 hits, 0 errors, 0 left on base; Lowell 1 - Chicago (NYP) 0 |
BOTTOM OF THE 4TH |
Chicago (NYP) White Sox batting - Pitching for Lowell Spinners : LHP Rob Hymowitz
|
Batting: RHB Jeremy Lewis
|
0-0: Called Strike 0-1: Ball 1-1: Swinging Strike 1-2: Strikes out swinging
|
Batting: RHB Sean Peake
|
0-0: SOLO HOME RUN (Flyball, 78XD, EV 115.6 MPH), Distance : 442 ft
|
Batting: LHB Anthony Mosley
|
0-0: Ball 1-0: Ball 2-0: Called Strike 2-1: Foul Ball, location: 2F 2-2: Ball 3-2: Ground out U3 (Groundball, 3, EV 86.2 MPH)
|
Batting: RHB Tyrell Camp
|
0-0: Called Strike 0-1: Foul Ball, location: 2F 0-2: Ball 1-2: Ground out 6-3 (Groundball, 6, EV 83.8 MPH)
|
Bottom of the 4th over - 1 run, 1 hit, 0 errors, 0 left on base; Lowell 1 - Chicago (NYP) 1 |
TOP OF THE 5TH |
Lowell Spinners batting - Pitching for Chicago (NYP) White Sox : LHP Jake Richards
|
Batting: RHB Bakhtiar Asadov
|
0-0: Foul Ball, location: 2F 0-1: SINGLE (Groundball, 4MD, EV 103.1 MPH)
|
Batting: RHB Mike Strey
|
0-0: Called Strike 0-1: Ball 1-1: Foul Ball, location: 2F 1-2: Ball 2-2: Ball 3-2: Grounds into double play, 6-4-3 (Groundball, 6S, EV 75.6 MPH)
|
Batting: RHB Rogelio Cervantes
|
0-0: Swinging Strike 0-1: Called Strike 0-2: Ball 1-2: Strikes out looking
|
Top of the 5th over - 0 runs, 1 hit, 0 errors, 0 left on base; Lowell 1 - Chicago (NYP) 1 |
BOTTOM OF THE 5TH |
Chicago (NYP) White Sox batting - Pitching for Lowell Spinners : LHP Rob Hymowitz
|
Batting: RHB David Laureano
|
0-0: Ball 1-0: Ball 2-0: Hit by Pitch
|
Batting: RHB Eduardo Calderon
|
0-0: Called Strike 0-1: Swinging Strike 0-2: Ball 1-2: Ball 2-2: Fielders Choice at 2nd, 5-4 (Groundball, 5, EV 79.4 MPH)
|
Batting: RHB Ighlas Mwara
|
0-0: Ball 1-0: Grounds into double play, 4-6-3 (Groundball, 4, EV 88.1 MPH)
|
Bottom of the 5th over - 0 runs, 0 hits, 0 errors, 0 left on base; Lowell 1 - Chicago (NYP) 1 |
TOP OF THE 6TH |
Lowell Spinners batting - Pitching for Chicago (NYP) White Sox : LHP Jake Richards
|
Batting: RHB Jose Molina
|
0-0: Ball 1-0: Foul Ball, location: 2F 1-1: Called Strike 1-2: Ball 2-2: Foul Ball, location: 2F 2-2: Strikes out swinging
|
Pitching: LHP Jose Herrera
|
|
Pinch Hitting: RHB Curt Stallings
|
0-0: Called Strike 0-1: Ground out 3-1 (Groundball, 34S, EV 74.4 MPH)
|
Batting: RHB Willie Camacho
|
0-0: SINGLE (Line Drive, 4D, EV 96.9 MPH)
|
Batting: LHB Kien-lung Zou
|
0-0: Called Strike Willie Camacho is caught stealing 2nd base 2-6
|
Top of the 6th over - 0 runs, 1 hit, 0 errors, 0 left on base; Lowell 1 - Chicago (NYP) 1 |
BOTTOM OF THE 6TH |
Chicago (NYP) White Sox batting - Pitching for Lowell Spinners : LHP Rob Hymowitz
|
Now in CF: Curt Stallings
|
|
Batting: RHB Rafael Medina
|
0-0: Swinging Strike 0-1: Ball 1-1: Swinging Strike 1-2: Ball 2-2: Ball 3-2: Foul Ball, location: 2F 3-2: Strikes out swinging
|
Batting: RHB Shintaro Katsumata
|
0-0: Foul Ball, location: 2F 0-1: Foul Ball, location: 2F 0-2: Ground out 6-3 (Groundball, 6, EV 85.6 MPH)
|
Batting: RHB Jeremy Lewis
|
0-0: Swinging Strike 0-1: DOUBLE (Flyball, 8RXD, EV 93.8 MPH)
|
Pinch Runner at 2nd Steve Byerly:
|
|
Batting: RHB Sean Peake
|
0-0: Swinging Strike 0-1: Ball 1-1: Called Strike 1-2: Ball 2-2: Fly out, F9 (Flyball, 9LM, EV 83.1 MPH)
|
Bottom of the 6th over - 0 runs, 1 hit, 0 errors, 1 left on base; Lowell 1 - Chicago (NYP) 1 |
TOP OF THE 7TH |
Lowell Spinners batting - Pitching for Chicago (NYP) White Sox : LHP Jose Herrera
|
Batting: LHB Kien-lung Zou
|
0-0: Ball 1-0: Swinging Strike 1-1: Ball 2-1: Foul Ball, location: 2F 2-2: Strikes out looking
|
Batting: RHB Dominique Paolozzi
|
0-0: Ground out 6-3 (Groundball, 6MD, EV 97.5 MPH)
|
Batting: RHB Tony Gallegos
|
0-0: Swinging Strike 0-1: Called Strike 0-2: Strikes out swinging
|
Top of the 7th over - 0 runs, 0 hits, 0 errors, 0 left on base; Lowell 1 - Chicago (NYP) 1 |
BOTTOM OF THE 7TH |
Chicago (NYP) White Sox batting - Pitching for Lowell Spinners : LHP Rob Hymowitz
|
Batting: LHB Anthony Mosley
|
0-0: Ball 1-0: Foul Ball, location: 2F 1-1: Ball 2-1: Ball 3-1: Foul Ball, location: 2F 3-2: Base on Balls
|
Pitching: RHP Armando Berrios
|
|
Batting: RHB Tyrell Camp
|
0-0: Called Strike Anthony Mosley steals 2nd base 0-1: Ball 1-1: Ball 2-1: Ground out 5-3 (Groundball, 56, EV 105.6 MPH)
|
Batting: RHB David Laureano
|
0-0: Ball 1-0: Ball 2-0: Called Strike 2-1: Called Strike 2-2: DOUBLE (Flyball, 89XD, EV 99.4 MPH) Anthony Mosley scores
|
Batting: RHB Eduardo Calderon
|
0-0: Ground out 1-3 (Groundball, 25, EV 73.1 MPH)
|
Batting: RHB Ighlas Mwara
|
0-0: Ball 1-0: Fly out, F7 (Line Drive, 7S, EV 89.4 MPH)
|
Bottom of the 7th over - 1 run, 1 hit, 0 errors, 1 left on base; Lowell 1 - Chicago (NYP) 2 |
TOP OF THE 8TH |
Lowell Spinners batting - Pitching for Chicago (NYP) White Sox : LHP Jose Herrera
|
Batting: RHB Bakhtiar Asadov
|
0-0: Called Strike 0-1: SINGLE (Groundball, P, EV 77.5 MPH) (infield hit)
|
Pinch Runner at 1st Joe Booth:
|
|
Batting: RHB Mike Strey
|
0-0: Sac Bunt to 25 - play at first, batter OUT! 5-3 Joe Booth to second
|
Pinch Hitting: RHB Mike Rosa
|
0-0: Foul Ball, location: 2F 0-1: Called Strike 0-2: Foul Ball, location: 2F 0-2: Ball Wild Pitch! Joe Booth to third 1-2: Fly out, F7 (Flyball, 7D, EV 83.1 MPH) Runner from 3rd tags up, SCORES, no throw by LF
|
Batting: RHB Jose Molina
|
0-0: Ball 1-0: Called Strike 1-1: Ball 2-1: Foul Ball, location: 2F 2-2: Foul Ball, location: 2F 2-2: Strikes out swinging
|
Top of the 8th over - 1 run, 1 hit, 0 errors, 0 left on base; Lowell 2 - Chicago (NYP) 2 |
BOTTOM OF THE 8TH |
Chicago (NYP) White Sox batting - Pitching for Lowell Spinners : RHP Armando Berrios
|
Now at SS: Mike Rosa
|
|
Now in CF: Joe Booth
|
|
Now in RF: Curt Stallings
|
|
Batting: RHB Rafael Medina
|
0-0: Ball 1-0: Ground out 5-3 (Groundball, 5, EV 101.2 MPH)
|
Batting: RHB Shintaro Katsumata
|
0-0: Ball 1-0: Ground out 5-3 (Groundball, 56, EV 103.8 MPH)
|
Batting: RHB Steve Byerly
|
0-0: Ball 1-0: Called Strike 1-1: Ball 2-1: DOUBLE (Flyball, 8LXD, EV 93.8 MPH)
|
Batting: RHB Sean Peake
|
0-0: Ground out 5-3 (Groundball, 56, EV 90.0 MPH)
|
Bottom of the 8th over - 0 runs, 1 hit, 0 errors, 1 left on base; Lowell 2 - Chicago (NYP) 2 |
TOP OF THE 9TH |
Lowell Spinners batting - Pitching for Chicago (NYP) White Sox : LHP Jose Herrera
|
Batting: RHB Curt Stallings
|
0-0: Fly out, F8 (Flyball, 8RS, EV 82.5 MPH)
|
Batting: RHB Willie Camacho
|
0-0: Ball 1-0: Called Strike 1-1: Foul Ball, location: 2F 1-2: Ball 2-2: Ball 3-2: Strikes out swinging
|
Pinch Hitting: RHB Paul Long
|
0-0: Ball 1-0: Ball 2-0: Ground out 5-3 (Groundball, 56, EV 83.8 MPH)
|
Top of the 9th over - 0 runs, 0 hits, 0 errors, 0 left on base; Lowell 2 - Chicago (NYP) 2 |
BOTTOM OF THE 9TH |
Chicago (NYP) White Sox batting - Pitching for Lowell Spinners : RHP Armando Berrios
|
Now in LF: Javier Cajina
|
|
Batting: LHB Anthony Mosley
|
0-0: Ball 1-0: Ball 2-0: Called Strike 2-1: Called Strike 2-2: Foul Ball, location: 2F 2-2: Strikes out looking
|
Pinch Hitting: SHB Manny Berrones
|
0-0: Called Strike 0-1: Ball 1-1: Called Strike 1-2: Ground out U3 (Groundball, 3, EV 91.2 MPH)
|
Pinch Hitting: LHB Conor Barron
|
0-0: SOLO HOME RUN (Flyball, 7LD, EV 93.1 MPH), Distance : 368 ft
|
Bottom of the 9th over - 1 run, 1 hit, 0 errors, 0 left on base; Lowell 2 - Chicago (NYP) 3 |
|